[Event "*** SCC Grand Prix: Titled Tuesday Blitz"]
[Site "Chess.com"]
[Date "2020.07.07"]
[Round "5"]
[White "AwareIdea"]
[Black "GregShahade"]
[Result "0-1"]
[WhiteElo "2475"]
[BlackElo "2674"]
[TimeControl "180+1"]
[EndTime "10:56:27 PDT"]
[Termination "GregShahade won by checkmate"]

1. d4 Nf6 2. c4 g6 3. Nc3 d5 4.
Bg5 Ne4 5. Bh4 Nxc3 6. bxc3 dxc4 7. e3 Be6 8. Be2 Nd7 9. Nh3 Bh6 10. a4 a5 11. Ng5 Bd5 12. O-O f6 13. Nf3 Nb6 14. Nd2 O-O 15. e4 Bf7 16. d5 c6 17.
Nxc4 Nxc4 18. Bxc4 cxd5 19. Bxd5 Bxd5 20. exd5 Rc8 21. Qd3 Qd7 22. Bg3 Rfd8 23. Rab1 Qxd5 24. Qxd5+ Rxd5 25. Rxb7 Kf7 26. Rb5 Rxb5 27. axb5 Rxc3 28.
Rb1 e5 29. b6 Rc8 30. b7 Rb8 31. f3 Be3+ 32. Kf1 Ke6 33. Ke2 Bc5 34. f4 Bb4 35.
fxe5 fxe5 36. Kd3 Rxb7 37. Ke4 Rb5 38. h4 Rd5 39. Bf2 Rd2 40. Ke3 Ra2 41. Kf3 Ra3+ 42.
Ke2 Rc3 43. Be3 Rc2+ 44. Kd3 Rxg2 45. Rc1 Rh2 46. Bg5 Kd5 47. Rc8 e4+ 48. Ke3 Bd2# 0-1

[Event "*** SCC Grand Prix: Titled Tuesday Blitz"]
[Site "Chess.com"]
[Date "2020.07.07"]
[Round "5"]
[White "rynos0411"]
[Black "deribas12345"]
[Result "1-0"]
[WhiteElo "2442"]
[BlackElo "2583"]
[TimeControl "180+1"]
[EndTime "10:56:27 PDT"]
[Termination "rynos0411 won by checkmate"]

1. e4 c5 2. Nf3 d6 3. d4 cxd4 4. Nxd4 Nf6 5. Nc3 a6 6. h3 e5 7. Nde2 Be7 8. g4 b5 9. Bg2 b4 10. Nd5 Nxd5 11. exd5 a5 12. O-O Ba6 13. Re1 Nd7 14. Be3 h5 15. f4 hxg4 16. hxg4 Bh4 17. Rf1 Bxe2 18. Qxe2 Bg3 19. g5 Bh2+ 20. Kf2 exf4 21.
Bxf4+ Ne5 22. Rh1 Qb6+ 23. Kf1 Qd4 24. Bxh2 Rxh2 25. Rxh2 Kd7 26. c3 Qf4+ 27. Kg1 Qxg5 28. cxb4 Qf4 29. Kh1 axb4 30. Rf1 Qd4 31. Qb5+ Kd8 32. Rh8+ Ke7 33. Rxa8 Qh4+ 34. Kg1 Qd4+ 35. Rf2 Qd1+ 36. Qf1 Qd4 37. Ra7+ Qxa7 38. Qe2 Qd4 39.
Qd2 Qh4 40. a3 g5 41. axb4 Qg3 42. b5 Ng4 43. b6 Nxf2 44. Qxf2 Qg4 45. b7 Qd1+ 46. Bf1 Qb3 47. Qa7 Qe3+ 48. Qxe3+ Kf8 49. b8=Q+ Kg7 50. Qxd6 g4 51. Qg5+ Kh7 52. Qdh6# 1-0

[Event "*** SCC Grand Prix: Titled Tuesday Blitz"]
[Site "Chess.com"]
[Date "2020.07.07"]
[Round "5"]
[White "chenxiaoyuer"]
[Black "blitzking1729"]
[Result "1-0"]
[WhiteElo "2418"]
[BlackElo "2547"]
[TimeControl "180+1"]
[EndTime "10:56:27 PDT"]
[Termination "chenxiaoyuer won on time"]

1. e4 d6 2. d4 Nf6 3. Nc3 e5 4. Nf3 Nbd7 5. Bc4 Be7 6. O-O O-O 7. Re1 c6 8. a4 Qc7 9. b3 b6 10. Bb2 Bb7 11. Bd3 a6 12. Ne2 b5 13. Ng3 Rfe8 14.
Nf5 Bf8 15. axb5 axb5 16. Qd2 exd4 17. N5xd4 Nc5 18. Qf4 Rxa1 19. Bxa1 Nxd3 20. cxd3 Nd7 21. Nf5 Ne5 22. Nxe5 dxe5 23. Qg3 g6 24. Qg5 f6 25.
Nh6+ Kg7 26. Nf5+ Kg8 27. Nh6+ Bxh6 28. Qxh6 Ra8 29. Qe3 Qa5 30. h4 Qb4 31. Rf1 Qxb3 32. h5 Rc8 33. hxg6 hxg6 34. Qb6 Qf7 35. f4 Qc7 36. Qc5 exf4 37. Bxf6 Rf8 38. Be5 Qd7 39. Rf3 g5 40. Bc3 Qd8 41. Qe5 Kf7 42. Qg7+ Ke6 43. Qxb7 Qd7 44. Qb6 Rc8 45. Qc5 Qd6 46. Qf5+ Ke7 47. Qxc8 Qc5+ 48. d4 Qa3 49. Qc7+ 1-0

[Event "*** SCC Grand Prix: Titled Tuesday Blitz"]
[Site "Chess.com"]
[Date "2020.07.07"]
[Round "5"]
[White "AnishOnYoutube"]
[Black "Izoria123"]
[Result "0-1"]
[WhiteElo "2757"]
[BlackElo "2917"]
[TimeControl "180+1"]
[EndTime "10:56:29 PDT"]
[Termination "Izoria123 won by resignation"]

1. d4 Nf6 2. c4 e6 3. Nf3 a6 4. Nc3 d5 5. cxd5 exd5 6. Bg5 Be6 7. e3 Nbd7 8. h3 Bd6 9. Bd3 c6 10. Bf4 Qc7 11. Bxd6 Qxd6 12. O-O O-O 13. Qb3 Rab8 14. a4 a5 15. Qa3 Ne8 16. Rfb1 Qxa3 17. Rxa3 Nd6 18. b4 Ra8 19. b5 c5 20. dxc5 Nxc5 21. Rd1 Rfd8 22. Nd4 Rac8 23. Bc2 g6 24. g4 Nc4 25. Ra2 Nb6 26. Kg2 Kf8 27. Nce2 Ke7 28. f3 Ncd7 29. Kf2 Ne5 30. f4 Nec4 31. f5 Bd7 32. Nf4 Nd6 33. fxg6 hxg6 34. Nf3 Be6 35. Nxe6 Kxe6 36. Nd4+ Ke7 37. Bd3 Rc3 38. Ke2 Ndc4 39. Rb1 Rh8 40. Rh1 Ne5 41. Bc2 Nbc4 42. Kf2 Nxg4+ 43.
Kg3 Ngxe3 44. Re1 Kd6 45. Kf2 Rxh3 46. Kg1 Nxc2 47. Rxc2 Rxc2 48. Nxc2 Rg3+ 49. Kf2 Rc3 50. Nd4 Rd3 51. Nf3 Ra3 52. Ng5 Rxa4 53. Nxf7+ Kc5 54.
Re7 Ra2+ 55. Kf3 b6 56. Rc7+ Kxb5 57. Rc8 a4 58. Rd8 Rd2 59. Ra8 a3 60. Ng5 a2 61.
Ne6 Rd3+ 62. Ke2 Ra3 63. Nd4+ Kc5 0-1

[Event "*** SCC Grand Prix: Titled Tuesday Blitz"]
[Site "Chess.com"]
[Date "2020.07.07"]
[Round "5"]
[White "jocmil"]
[Black "Ginger_GM"]
[Result "1-0"]
[WhiteElo "2493"]
[BlackElo "2663"]
[TimeControl "180+1"]
[EndTime "10:56:29 PDT"]
[Termination "jocmil won on time"]

1. d4 e6 2. Nf3 f5 3. Bg5 Be7 4.
Bxe7 Qxe7 5. Nbd2 Nf6 6. e3 d6 7.
Bd3 e5 8. dxe5 dxe5 9. e4 f4 10.
Qe2 O-O 11. Bc4+ Kh8 12. Ng5 c6 13. a3 b5 14. Ba2 Na6 15. h4 Nc5 16. O-O-O a5 17. g3 fxg3 18. fxg3 Bg4 19. Qe3 Bxd1 20. Rxd1 b4 21. Nc4 b3 22. cxb3 Rad8 23. Rxd8 Rxd8 24. Nxe5 Rf8 25. Nef7+ Rxf7 26. Nxf7+ Qxf7 27. Qxc5 Nxe4 28. Qe3 Qe6 29. b4 Qg4 30. Bb1 Nf6 31. bxa5 Qc4+ 32. Bc2 Qf1+ 33. Kd2 g6 34. Qd4 Kg7 35. a6 Qxa6 36.
h5 gxh5 37. Qe5 Qb5 38. Qxb5 cxb5 39. Bd3 b4 40. a4 Nd7 41. a5 Nc5 42. a6 Nxa6 43.
Bxa6 Kf6 44. Be2 h4 45. gxh4 Ke5 46. h5 Kd4 47. b3 Kc5 48. Bc4 Kd4 49. h6 Ke4 50. Bd3+ Kd4 51. Bxh7 Ke5 52. Bd3 Kf6 53. h7 1-0

[Event "*** SCC Grand Prix: Titled Tuesday Blitz"]
[Site "Chess.com"]
[Date "2020.07.07"]
[Round "5"]
[White "alfiefischer77"]
[Black "natelleka"]
[Result "1/2-1/2"]
[WhiteElo "2304"]
[BlackElo "2113"]
[TimeControl "180+1"]
[EndTime "10:56:29 PDT"]
[Termination "Game drawn by repetition"]

1. e4 e5 2. Nf3 Nf6 3. d4 Nxe4 4. Bd3 Nc6 5. d5 Nc5 6. dxc6 e4 7. Bxe4 Nxe4 8.
O-O bxc6 9. Re1 d5 10. Nd4 Be6 11. f3 Ng5 12. h4 Nh3+ 13. gxh3 Qxh4 14. Re2 Bc5 15. Be3 O-O 16. Nxe6 Bxe3+ 17. Rxe3 Qg3+ 18.
Kf1 fxe6 19. Qe2 Qxh3+ 20. Qg2 Qh6 21. Re1 Rf6 22. Nd2 Raf8 23. Ke2 Rg6 24. Qf2 Qh3 25. Rh1 Qf5 26. Rag1 Qxc2 27. Rxg6 Qxg6 28. Rg1 Qf5 29. Qe3 e5 30. Qd3 Qf6 31. Qe3 d4 32. Qe4 Qh6 33. Rg2 Re8 34. Nc4 Qf6 35. Nd2 Qd6 36. Qg4 Qe7 37. Qe4 Qd6 38. Rg4 Re7 39. Rg2 Qc5 40. Qg4 Qb5+ 41. Ke1 Qb8 42. Qf5 Qxb2 43. Qc8+ Kf7 44.
Qf5+ Kg8 45. Qc8+ Kf7 46. Qf5+ Kg8 1/2-1/2

[Event "*** SCC Grand Prix: Titled Tuesday Blitz"]
[Site "Chess.com"]
[Date "2020.07.07"]
[Round "5"]
[White "yuliagok"]
[Black "Sueetin"]
[Result "1-0"]
[WhiteElo "2119"]
[BlackElo "2292"]
[TimeControl "180+1"]
[EndTime "10:56:29 PDT"]
[Termination "yuliagok won by resignation"]

1. d4 Nf6 2. c4 e6 3. Nc3 Bb4 4. Qc2 d5 5. cxd5 Qxd5 6. Nf3 Qf5 7. Qxf5 exf5 8. Bd2 c6 9. a3 Bd6 10. e3 Nbd7 11.
Bc4 h6 12. O-O Nf8 13. Ne5 Be6 14. Bxe6 Nxe6 15. f4 Nc7 16. b4 a6 17. Rfb1 Ncd5 18. Nxd5 Nxd5 19. a4 Bxe5 20. fxe5 Nc7 21. Kf2 Kd7 22. Kf3 Ke6 23. e4 Rhd8 24. exf5+ Kxf5 25. g4+ Ke6 26. Be3 Rd5 27. Ke4 Rad8 28. Rf1 Ne8 29. h4 f6 30. exf6 Nxf6+ 31. Kf3 Kd7 32. g5 hxg5 33. hxg5 Ne8 34. Kg4 Kc7 35. Rf7+ R8d7 36. Raf1 Kd8 37. Rxd7+ Rxd7 38. Kh5 Re7 39. Bf4 Re4 40.
Be5 Re2 41. Kg6 Rb2 42. b5 axb5 43. axb5 cxb5 44. Rf8 Ke7 45. Rf7+ Kd8 46. Rxb7 b4 47. d5 b3 48. Bxb2 Nd6 49. Rxb3 Kd7 50. Bxg7 1-0

[Event "*** SCC Grand Prix: Titled Tuesday Blitz"]
[Site "Chess.com"]
[Date "2020.07.07"]
[Round "5"]
[White "Hikaru"]
[Black "KaterynaLagno"]
[Result "1-0"]
[WhiteElo "3215"]
[BlackElo "2768"]
[TimeControl "180+1"]
[EndTime "10:56:30 PDT"]
[Termination "Hikaru won by resignation"]

1. e4 e5 2. Nf3 Nc6 3. Bb5 g6 4. O-O Bg7 5. c3 a6 6. Ba4 Nge7 7. d4 b5 8. Bb3 exd4 9. cxd4 d6 10. h3 O-O 11. Nc3 Na5 12. Bc2 c5 13. d5 Bd7 14. Re1 Nc4 15. Rb1 h6 16. Ne2 f5 17. exf5 Nxf5 18. Nf4 g5 19. Ne6 Qf6 20. b3 Ne5 21. Nxf8 Rxf8 22. Bb2 Nd4 23. Nxd4 Qxf2+ 24. Kh1 cxd4 25. Bxd4 Qg3 26. Re3 Qh4 27. Re4 g4 28. Qe2 Qg3 29. Re3 Nf3 30. gxf3 Bxd4 31. Rd3 Be5 32.
fxg4 Rf2 33. Rxg3 Rxe2 34. Rg2 Re3 35. Rd1 Rxh3+ 36. Kg1 b4 37. Kf2 Rc3 38. Bf5 Bb5 39. g5 hxg5 40. Rxg5+ Kf7 41. Rh5 Kf6 42. Be4 Rc8 43.
Rdh1 Rf8 44. Rf5+ Ke7 45. Rh7+ Ke8 46. Rxf8+ Kxf8 47. Ke3 a5 48. Bd3 Be8 49. Ra7 Bb2 50. Rxa5 Bc1+ 51. Kd4 Bb2+ 52. Kc4 1-0

[Event "*** SCC Grand Prix: Titled Tuesday Blitz"]
[Site "Chess.com"]
[Date "2020.07.07"]
[Round "5"]
[White "SerGo055"]
[Black "angryhorse9"]
[Result "1-0"]
[WhiteElo "2557"]
[BlackElo "2400"]
[TimeControl "180+1"]
[EndTime "10:56:33 PDT"]
[Termination "SerGo055 won by resignation"]

1. d4 Nf6 2. Nf3 g6 3. c4 Bg7 4.
Nc3 O-O 5. Bg5 d6 6. Qd2 Bf5 7. Bh6 Ne4 8. Nxe4 Bxe4 9. Bxg7 Kxg7 10. Ng5 Bf5 11. e4 Bd7 12. Bd3 e5 13. Nf3 Nc6 14. d5 Ne7 15. O-O h6 16. b4 f5 17. c5 Ng8 18. Rac1 Nf6 19. Rfe1 f4 20. Qc3 Qe7 21. cxd6 cxd6 22. Qc7 Rab8 23. Qa5 a6 24. Rc7 Ne8 25. Rc3 g5 26. Nd2 g4 27. b5 g3 28. hxg3 fxg3 29. fxg3 Qg5 30. Nf1 axb5 31. Bxb5 Bxb5 32. Qxb5 Rf7 33.
Rf3 Nf6 34. Qb4 Rd8 35. Ne3 Kh7 36. Nf5 Ng4 37. Nxd6 Rxf3 38. gxf3 Nf6 39. Nf5 Rd7 40. d6 Nh5 41. Kf2 Rg7 42. Nxg7 Qxg3+ 43. Ke3 Qg5+ 44. Kd3 Nf4+ 45. Kc2 Qxg7 46. Rd1 Qg2+ 47. Rd2 Qxf3 48. d7 1-0

[Event "*** SCC Grand Prix: Titled Tuesday Blitz"]
[Site "Chess.com"]
[Date "2020.07.07"]
[Round "5"]
[White "GMNickPert"]
[Black "Oleksandr_Bortnyk"]
[Result "0-1"]
[WhiteElo "2643"]
[BlackElo "2926"]
[TimeControl "180+1"]
[EndTime "10:56:34 PDT"]
[Termination "Oleksandr_Bortnyk won by resignation"]

1. d4 d6 2. g3 Nf6 3. Bg2 g6 4.
Nf3 Bg7 5. O-O O-O 6. Nc3 Bf5 7.
d5 c6 8. Nd4 Bd7 9. e4 cxd5 10.
exd5 Na6 11. Re1 Rc8 12. Bf4 Re8 13. Qd2 Qb6 14. Nb3 Ng4 15. h3 Ne5 16. Be3 Qc7 17.
Bd4 b5 18. a3 Nc5 19. Rad1 Nc4 20. Qc1 Nxb3 21. cxb3 Bxd4 22. Rxd4 Nxb2 23. Re3 Qc5 24. Rd2 Qxa3 25. Qxb2 Qxb2 26. Rxb2 b4 27. Ne2 a5 28. Ra2 Rc5 29. Nd4 e6 30. dxe6 fxe6 31. h4 e5 32. Nf3 Kg7 33. Nd2 d5 34. Rd3 e4 35. Bxe4 Rc1+ 36. Kh2 Rxe4 37. Nxe4 Bf5 38. Re3 Bxe4 39. f3 Rc2+ 40. Rxc2 Bxc2 41. Re7+ Kf6 42. Ra7 Bxb3 43. Rxa5 Bc4 44. Ra7 b3 45. Kg2 Ke5 46. Kf2 Kd4 47. Rxh7 Kc3 48. Rb7 b2 49. Rxb2 Kxb2 50. g4 d4 51. h5 gxh5 52. gxh5 d3 53. h6 Bg8 54. f4 d2 0-1

[Event "*** SCC Grand Prix: Titled Tuesday Blitz"]
[Site "Chess.com"]
[Date "2020.07.07"]
[Round "5"]
[White "Karacsonyi_Gellert"]
[Black "deep306"]
[Result "0-1"]
[WhiteElo "2470"]
[BlackElo "2656"]
[TimeControl "180+1"]
[EndTime "10:56:35 PDT"]
[Termination "deep306 won by checkmate"]

1. e4 e6 2. d4 d5 3. e5 c5 4. c3 Nc6 5. Nf3 Bd7 6. Be2 Qc7 7.
O-O f6 8. Bf4 O-O-O 9. a4 h6 10.
dxc5 fxe5 11. Bg3 Bxc5 12. b4 Bd6 13. Na3 e4 14. Nb5 Bxg3 15. Nxc7 exf3 16. fxg3 fxe2 17. Qxe2 Kxc7 18. b5 Nf6 19. bxc6 Bxc6 20. Qxe6 Rhe8 21. Qf5 Kb8 22. Rae1 Ne4 23. c4 dxc4 24. Qf4+ Ka8 25. Rc1 c3 26. Rfe1 g5 27. Qe3 a6 28. h3 Bxa4 29.
Kh2 Bc6 30. Qb6 Rd2 31. Ra1 Re6 32. Rxa6+ bxa6 33. Qxa6+ Kb8 34. Rb1+ Kc7 35. Qa5+ Kd7 36. Rb8 Re7 37. Rd8+ Ke6 38. Rf8 Nd6 39. h4 Rxg2+ 40.
Kh3 g4+ 41. Kxg4 Rg7+ 42. Kh5 R2xg3 43. Qa2+ Bd5 44. Qe2+ Ne4 45. Re8+ Kf5 46. Qf1+ Nf2 47. Qxf2+ Bf3+ 48. Kxh6 R3g6# 0-1

[Event "*** SCC Grand Prix: Titled Tuesday Blitz"]
[Site "Chess.com"]
[Date "2020.07.07"]
[Round "5"]
[White "SHIVACalypso"]
[Black "Azatic"]
[Result "0-1"]
[WhiteElo "2351"]
[BlackElo "2501"]
[TimeControl "180+1"]
[EndTime "10:56:35 PDT"]
[Termination "Azatic won on time"]

1. Nf3 c5 2. c4 Nf6 3. g3 b6 4. Bg2 Bb7 5. O-O e6 6. Nc3 Be7 7. d4 cxd4 8. Qxd4 O-O 9. Rd1 Nc6 10. Qd2 Rc8 11. b3 Na5 12. Bb2 d5 13. cxd5 Nxd5 14. Nxd5 Qxd5 15. Qf4 Qe4 16. Qxe4 Bxe4 17. Rac1 Rxc1 18. Rxc1 Rd8 19. Bc3 Nc6 20. Nd2 Bxg2 21. Kxg2 f6 22. e3 e5 23. Kf1 Kf7 24. Ke2 Nb8 25. Bb2 Rd7 26. Nc4 Na6 27. a3 Nc5 28. b4 Ne4 29. f3 Ng5 30. h4 Ne6 31. Nd2 Nc7 32. Nb3 h6 33. Rc6 Ne8 34. Bc3 Rc7 35. Rxc7 Nxc7 36. Kd3 Ke6 37. e4 g6 38. Bd2 h5 39. a4 f5 40. Kc4 a6 41. b5 axb5+ 42.
axb5 Kd7 43. Nc1 f4 44. gxf4 exf4 45. Bxf4 Bxh4 46. Bxc7 Kxc7 47. Nd3 Bg3 48. Kd5 h4 0-1

[Event "*** SCC Grand Prix: Titled Tuesday Blitz"]
[Site "Chess.com"]
[Date "2020.07.07"]
[Round "5"]
[White "Yoshikrov"]
[Black "SiddharthGMJagadeesh"]
[Result "1-0"]
[WhiteElo "2097"]
[BlackElo "2435"]
[TimeControl "180+1"]
[EndTime "10:56:35 PDT"]
[Termination "Yoshikrov won by resignation"]

1. e4 d6 2. d4 Nf6 3. Nc3 e5 4. dxe5 dxe5 5. Qxd8+ Kxd8 6. Nf3 Bd6 7. Bc4 Ke8 8. Bg5 Nbd7 9. O-O-O a6 10. Kb1 h6 11.
Bh4 b5 12. Bd3 Bb7 13. Rhe1 Kf8 14. h3 g6 15. Bg3 Kg7 16. a3 Rab8 17. Bf1 Rhe8 18.
Bh4 g5 19. Bg3 Nc5 20. Nd2 Ne6 21. f3 Nf4 22. Bxf4 exf4 23. Nb3 Nd7 24. Nd4 Kh7 25. Nf5 Re6 26. Nxd6 cxd6 27. Nd5 Bxd5 28.
Rxd5 Nb6 29. Rd4 Kg7 30. Red1 Rd8 31. Be2 d5 32. Bd3 Red6 33. exd5 Nxd5 34. Be4 Nc3+ 35. bxc3 Rxd4 36. Rxd4 Rc8 37. Kb2 Rc5 38. Bd3 Re5 39. Re4 Rd5 40. Re7 Kf6 41. Ra7 Rd6 42. Kb3 Re6 43. Be4 Rd6 44. c4 bxc4+ 45. Kxc4 Rd2 46.
Rxa6+ Kg7 47. Ra7 Rxg2 48. Kd3 Rg3 49. a4 Rxh3 50. a5 Rh1 51. a6 Ra1 52. Bd5 Rd1+ 53. Ke4 Re1+ 54. Kf5 Ra1 55. Rxf7+ Kh8 56. a7 1-0

[Event "*** SCC Grand Prix: Titled Tuesday Blitz"]
[Site "Chess.com"]
[Date "2020.07.07"]
[Round "5"]
[White "IwkooO"]
[Black "ChessSwole"]
[Result "1-0"]
[WhiteElo "2577"]
[BlackElo "2412"]
[TimeControl "180+1"]
[EndTime "10:56:37 PDT"]
[Termination "IwkooO won by resignation"]

1. e4 c5 2. Nf3 e6 3. d4 cxd4 4. Nxd4 a6 5. c4 Qc7 6. Nc3 Nf6 7. Be2 b6 8. O-O Bb7 9. Qd3 d6 10. f4 Be7 11. b4 O-O 12. Bb2 Nbd7 13. a3 Rac8 14. g4 e5 15. Nf5 Qd8 16. Nd5 Bxd5 17. cxd5 exf4 18. Rxf4 b5 19. g5 Ne8 20. Qg3 Ne5 21.
Bd1 Bxg5 22. Rf2 Kh8 23. h4 Bf6 24. a4 g6 25. Nd4 Bg7 26. axb5 Nc4 27. Bc3 Qb6 28.
Rxa6 Qb7 29. Rc6 Nf6 30. Bc2 Ne5 31. Qf4 Nh5 32. Qe3 Qe7 33. Rxc8 Rxc8 34. Nc6 Qxh4 35.
Bxe5 dxe5 36. b6 Qg4+ 37. Kf1 Nf4 38. b7 Re8 39. b8=Q Rxb8 40. Nxb8 Bh6 41. Nc6 Kg7 42. Qf3 Qh4 43. b5 Nh3 44. b6 Ng5 45. Qe3 Qh1+ 46. Ke2 Nh3 47. Qf3 Nf4+ 48. Qxf4 Bxf4 49. b7 Qh5+ 50. Kd3 Qh3+ 51. Kc4 Qe3 52. b8=Q Qxf2 53. Bd3 Qd2 54. Qb3 Qc1+ 55. Qc3 Qe3 56. Nxe5 f6 57. Nd7 Bg5 58. Nc5 Qf4 59. Ne6+ Kf7 60. Nxf4 Bxf4 61. Qb4 Be5 62. Qb7+ Kg8 63. Kc5 g5 64. d6 1-0

[Event "*** SCC Grand Prix: Titled Tuesday Blitz"]
[Site "Chess.com"]
[Date "2020.07.07"]
[Round "5"]
[White "VALPARAISO37"]
[Black "vanImpe"]
[Result "0-1"]
[WhiteElo "2290"]
[BlackElo "2453"]
[TimeControl "180+1"]
[EndTime "10:56:37 PDT"]
[Termination "vanImpe won on time"]

1. d4 g6 2. e4 Bg7 3. c4 d6 4. Nc3 Nf6 5. f3 O-O 6. Be3 c5 7. Nge2 Nc6 8. d5 Ne5 9. Ng3 e6 10. Be2 h5 11. O-O a6 12. a4 exd5 13. cxd5 h4 14.
Nh1 h3 15. g3 Re8 16. Nf2 Qd7 17. Qc2 b6 18. Rfe1 Rb8 19. Kh1 b5 20. Qc1 b4 21. Nb1 Qe7 22. Nd2 a5 23. Bb5 Bd7 24. Bxd7 Nexd7 25. Nxh3 c4 26. Nxc4 Rbc8 27. b3 Nc5 28.
Qc2 Nfd7 29. Rad1 Ne5 30. Nxe5 Qxe5 31. Bd4 Qh5 32. Bxg7 Qxf3+ 33. Qg2 Qxg2+ 34. Kxg2 Kxg7 35. Nf2 Nxb3 36. Re3 Nc5 37. Ra1 f5 38. Kf3 fxe4+ 39. Nxe4 Nxe4 40. Rxe4 Rc3+ 41. Kf4 Rxe4+ 42. Kxe4 Rc2 43.
h4 Rc4+ 44. Kf3 b3 45. Rb1 Rc3+ 46. Kf4 Kf6 47. g4 Rc4+ 48. Kf3 Rb4 49. h5 gxh5 50. gxh5 Kg5 51. Rh1 Kh6 52. Ke3 Rxa4 53. Kd3 b2 54. Rb1 Rb4 55. Kc3 Kxh5 56. Rh1+ Kg5 57. Rg1+ Kf5 58.
Rb1 Ke5 59. Re1+ Kxd5 60. Rd1+ Kc5 61. Rb1 d5 62. Kc2 a4 63. Ra1 Kb5 64. Rb1 a3 65. Ra1 Ka4 66. Rb1 Rg4 67. Kc3 Rg2 68. Rd1 a2 69. Rd4+ Kb5 70. Rxd5+ Kc6 71. Rb5 Kxb5 72. Kd4 b1=Q 0-1

[Event "*** SCC Grand Prix: Titled Tuesday Blitz"]
[Site "Chess.com"]
[Date "2020.07.07"]
[Round "5"]
[White "124chess"]
[Black "szachuspl"]
[Result "1-0"]
[WhiteElo "2700"]
[BlackElo "2494"]
[TimeControl "180+1"]
[EndTime "10:56:39 PDT"]
[Termination "124chess won by resignation"]

1. d4 Nf6 2. c4 g6 3. Nc3 Bg7 4. Nf3 O-O 5. e3 d6 6. Be2 c5 7. O-O Nc6 8. d5 Na5 9. e4 Bg4 10. Nd2 Bxe2 11. Qxe2 a6 12. Rb1 Nd7 13. a3 Rb8 14. a4 Qb6 15. Na2 Nb3 16. Qd3 Nxc1 17. Rfxc1 Qa5 18. Nc3 Bh6 19. Rd1 Qb4 20. b3 Bg7 21.
Rdc1 Bxc3 22. Qxc3 Qxc3 23. Rxc3 b5 24. cxb5 axb5 25.
a5 g5 26. b4 c4 27. h4 h6 28. hxg5 hxg5 29. Nf3 f6 30. Nd4 Ne5 31. Ra3 Rfc8 32. Ne2 Rc7 33. Nc3 Ra7 34. Kf1 Kf7 35. Ke2 Nd3 36. Ke3 Ne5 37. Ne2 Ra6 38. Nd4 Kg6 39.
Kd2 Kf7 40. Kc3 Nd3 41. f3 Nf4 42. Ra2 Ra7 43. Nc6 Rbb7 44. Nxa7 Rxa7 45. g3 Ng6 46. a6 Ne5 47. f4 gxf4 48. gxf4 Nd3 49. f5 Ke8 50. Ra5 Kd7 51. Rba1 Kc7 52. Rxb5 Ne5 53.
Rb7+ Rxb7 54. axb7 Kxb7 55. b5 Kb6 56. Kb4 Kb7 57.
Rh1 Kc7 58. Rh7 Kd8 59. b6 Nd7 60. Rh8+ 1-0

[Event "*** SCC Grand Prix: Titled Tuesday Blitz"]
[Site "Chess.com"]
[Date "2020.07.07"]
[Round "5"]
[White "EvgenyT"]
[Black "Paladin61"]
[Result "1-0"]
[WhiteElo "2878"]
[BlackElo "2638"]
[TimeControl "180+1"]
[EndTime "10:56:41 PDT"]
[Termination "EvgenyT won on time"]

1. d4 Nf6 2. Nf3 g6 3. Bg5 Bg7 4. Nbd2 O-O 5. c3 d6 6. e4 c5 7. dxc5 dxc5 8. Bc4 Nc6 9. Qe2 Nd7 10. Rd1 Qc7 11.
O-O Nb6 12. Bb5 Be6 13. a4 h6 14. Bh4 a6 15. Bg3 Qc8 16. Nc4 Nxc4 17. Bxc4 Na5 18. Bd5 Rd8 19. h3 Nc6 20. Qc4 Na5 21. Qa2 Bxd5 22. exd5 c4 23. Qa3 Rd7 24. Qb4 Qd8 25. Rfe1 Rxd5 26. Rxd5 Qxd5 27. Qxe7 b5 28. Be5 Nc6 29.
Qb7 Re8 30. Bxg7 Rxe1+ 31. Nxe1 Kxg7 32. axb5 axb5 33. Nf3 Qc5 34. Qc7 Qd5 35. Qf4 Nd8 36.
Ne5 Nc6 37. Ng4 Qe6 38. Qxh6+ Kg8 39. Qg5 Kg7 40. Qxb5 Ne7 41. Ne3 Qd6 42. Qxc4 Nc6 43. b4 Ne5 44. Qd4 Qxd4 45. cxd4 Nc6 46. Nc2 1-0

[Event "*** SCC Grand Prix: Titled Tuesday Blitz"]
[Site "Chess.com"]
[Date "2020.07.07"]
[Round "5"]
[White "Timerkhanov"]
[Black "rasmussvane"]
[Result "0-1"]
[WhiteElo "2624"]
[BlackElo "2872"]
[TimeControl "180+1"]
[EndTime "10:56:41 PDT"]
[Termination "rasmussvane won by checkmate"]

1. d4 d5 2. c4 e6 3. Nc3 a6 4.
cxd5 exd5 5. Bf4 Nf6 6. e3 Bd6 7. Bg3 O-O 8. Bd3 Re8 9. Qc2 Bxg3 10. hxg3 h6 11. Nge2 b6 12. Nf4 Bb7 13. O-O Nbd7 14. Rac1 c5 15. dxc5 Nxc5 16. Rfd1 Qe7 17.
Be2 Red8 18. Bf3 Nce4 19. Ncxd5 Nxd5 20. Qxe4 Qxe4 21. Bxe4 Nxf4 22. Bxb7 Ne2+ 23. Kf1 Nxc1 24. Rxc1 Rab8 25. Bxa6 Ra8 26. Bc4 Rdc8 27. Rc3 Kf8 28. Ke2 b5 29. Bd5 Rxc3 30. bxc3 Ra3 31. Kd2 Ke7 32. e4 f6 33. f4 Kd6 34. Bb3 Kc5 35.
Ke3 Ra7 36. e5 Re7 37. Ke4 fxe5 38. fxe5 Rc7 39. Kf5 Kc6 40. Ke6 Kb6 41. Kd6 Rc6+ 42. Kd7 Rxc3 43. e6 Rd3+ 44. Ke8 Kc7 45. e7 Re3 46. Kf8 Kd7 47. Bd5 Rxe7 48. Bc6+ Ke6 49. Bxb5 Kf6 50. a4 Re3 51. a5 Rb3 52. Bc6 Rb8+ 53.
Be8 Ra8 54. g4 Rxa5 55. g5+ hxg5 56. Kg8 Ra8 57. Kh7 Rxe8 58. g4 g6 59. Kh6 Rh8# 0-1

[Event "*** SCC Grand Prix: Titled Tuesday Blitz"]
[Site "Chess.com"]
[Date "2020.07.07"]
[Round "5"]
[White "HanSchut"]
[Black "m-garcett"]
[Result "1-0"]
[WhiteElo "2300"]
[BlackElo "2068"]
[TimeControl "180+1"]
[EndTime "10:56:41 PDT"]
[Termination "HanSchut won by resignation"]

1. e4 c5 2. Nf3 d6 3. d4 cxd4 4. Nxd4 Nf6 5. f3 a6 6. c4 e6 7. Nc3 Be7 8. Be2 O-O 9. Be3 b6 10. O-O Bb7 11. Qd2 Nbd7 12. Rac1 Rc8 13. Rfd1 Qc7 14.
Bf1 Qb8 15. Qf2 Bd8 16. Kh1 Bc7 17. Qg1 Rfd8 18. b4 Ne5 19. Nb3 d5 20. cxd5 exd5 21.
exd5 Nxd5 22. Nxd5 Bxd5 23. Rxc7 Rxc7 24. Bxb6 Rcd7 25. Bxd8 Rxd8 26. Qd4 Nxf3 27. gxf3 Bxf3+ 28. Kg1 Rxd4 29. Rxd4 h6 30. Bd3 Qb6 31. Kf1 Bh5 32. Ke1 g5 33. Kd2 Qf6 34. a4 Qf2+ 35. Kc3 Bd1 36.
Rd8+ Kg7 37. Nd4 Qf6 38. Rc8 Bxa4 39. Rc5 Bb5 40. Bxb5 axb5 41. Kd3 Qg6+ 42. Nf5+ Kf6 43. Rxb5 Qxf5+ 44. Rxf5+ Kxf5 45. Kd4 Ke6 46. b5 Kd6 47. Ke4 f6 48. Kf5 Kc5 49. Kxf6 Kxb5 50. Kg6 g4 51.
Kxh6 Kc4 52. Kg5 Kd4 53. Kxg4 Ke5 54. Kg5 Ke4 55. h4 Kf3 56. h5 1-0

[Event "*** SCC Grand Prix: Titled Tuesday Blitz"]
[Site "Chess.com"]
[Date "2020.07.07"]
[Round "5"]
[White "secretsuperstar7"]
[Black "pfalcon1949"]
[Result "1-0"]
[WhiteElo "2113"]
[BlackElo "1929"]
[TimeControl "180+1"]
[EndTime "10:56:41 PDT"]
[Termination "secretsuperstar7 won by checkmate"]

1. d4 Nf6 2. c4 e6 3. Nc3 Bb4 4. e3 b6 5. Bd2 Bb7 6. Nf3 O-O 7. Bd3 d5 8. cxd5 exd5 9. Kf1 Nbd7 10. g3 c5 11. Kg2 c4 12. Bc2 Re8 13. Re1 Rc8 14. Ng1 Bxc3 15. Bxc3 Ne4 16. f3 Nxc3 17.
bxc3 Nf6 18. Qd2 Qe7 19. Nh3 h6 20. Nf4 g5 21. Nh3 g4 22. Ng1 h5 23. e4 dxe4 24.
Qg5+ Kf8 25. fxe4 Nxe4 26. Qh6+ Kg8 27. Kf1 Nd2+ 28. Qxd2 Qf6+ 29. Qf2 Qxf2+ 30. Kxf2 Kg7 31. Ne2 Rc7 32. Nf4 Rxe1 33. Rxe1 Kh6 34. Be4 Bxe4 35. Rxe4 b5 36. Nd5 Rb7 37. Re2 a5 38. Rb2 Kg7 39.
Ke3 f6 40. Kf4 Kf7 41. Ne3 b4 42. cxb4 c3 43. Rb3 axb4 44. Nc2 Kg6 45. Ke3 Re7+ 46. Kd3 Ra7 47. Nxb4 f5 48. Rxc3 Kg5 49. Rc2 h4 50. Rb2 hxg3 51. hxg3 Rh7 52. Nd5 Rh3 53. Rg2 Rh1 54.
Nf4 Ra1 55. Kc4 Rc1+ 56. Kd5 Rf1 57. Kd6 Rd1 58. d5 Rf1 59. Ke6 Rxf4 60. gxf4+ Kxf4 61. d6 Kf3 62. Rd2 f4 63. d7 g3 64. d8=Q g2 65.
Qd5+ Kg3 66. Qxg2+ Kh4 67. Qh2+ Kg5 68. Rg2# 1-0

[Event "*** SCC Grand Prix: Titled Tuesday Blitz"]
[Site "Chess.com"]
[Date "2020.07.07"]
[Round "5"]
[White "Malysch"]
[Black "stolencandy13"]
[Result "0-1"]
[WhiteElo "2487"]
[BlackElo "2375"]
[TimeControl "180+1"]
[EndTime "10:56:42 PDT"]
[Termination "stolencandy13 won on time"]

1. d4 Nf6 2. c4 e5 3. dxe5 Ng4 4. Nh3 Nc6 5. e3 Ngxe5 6. Nc3 Bb4 7. Qd2 d6 8. Nf4 O-O 9. a3 Bxc3 10. Qxc3 Ng6 11. Nd5 Be6 12. Be2 Qd7 13. O-O Rfe8 14. b4 Nce7 15.
Bb2 f6 16. Rfd1 Nxd5 17. cxd5 Bf7 18. Rac1 Rac8 19. Qd4 Ne7 20. Bg4 Qa4 21. Bxc8 Rxc8 22. e4 a6 23. Rd2 Qd7 24. Rdc2 c6 25. dxc6 Nxc6 26. Qb6 Re8 27. f3 Bg6 28. Rd2 Qe7 29. Rcd1 Rd8 30. a4 h5 31. b5 axb5 32. axb5 Ne5 33.
Rxd6 Rf8 34. Rd8 Nc4 35. Rxf8+ Qxf8 36. Qd4 Bf7 37. Bc3 Qa3 38. h4 Qb3 39. Ra1 Qxb5 40.
Ra8+ Kh7 41. Qd8 Qb1+ 42. Kh2 Ne3 43. Qd6 Nf1+ 44. Kh3 Ne3 45. Kh2 Nf1+ 46. Kh3 Ne3 47. Qf4 Qc1 48. Bd4 Nf1 49. Qf5+ Bg6 50. Rh8+ Kxh8 51.
Qxg6 Qd2 52. Qxh5+ Kg8 53. Qe8+ Kh7 54. Qh5+ Kg8 55. Bxf6 Qf4 0-1